 Dungeon Crawl Stone Soup version 0.27-a0-1513-g2aaa0cc67b (webtiles) character file.

Game seed: 1407623042007690545

149 dickylongcocking the Magician (level 5, 0/38 HPs)
             Began as a Djinni Wanderer on July 9, 2021.
             Slain by a black bear (5 damage)
             ... on level 3 of the Dungeon.
             The game lasted 00:02:51 (3594 turns).

dickylongcocking the Magician (Djinni Wanderer)     Turns: 3594, Time: 00:02:51

Health: 0/38       AC:  7    Str: 12    XL:     5   Next: 57%
Gold:   94         EV:  8    Int: 13    God:
                   SH:  0    Dex: 13

rFire    + + .     SeeInvis .   t - staff of cold
rCold    . . .     Faith    .   (no shield)
rNeg     . . .     Spirit   .   d - +0 scale mail
rPois    ∞         Reflect  .   s - +0 helmet
rElec    .         Harm     .   (no cloak)
rCorr    .         Rampage  .   (no gloves)
Will     .....                  (boots unavailable)
Stlth    +.........             (no amulet)
HPRegen  0.12/turn              (no ring)
MPRegen  0.00/turn              (no ring)

@: flying, very slightly contaminated
A: sickness immunity, fire resistance 2, cold vulnerability 1, float, innate
caster, hp casting, extra vitality 1
a: no special abilities


You were on level 3 of the Dungeon.
You visited 1 branch of the dungeon, and saw 4 of its levels.

You collected 94 gold pieces.

Inventory:

Hand Weapons
 a - a +2 quarterstaff
 c - a +0 dagger
Missiles
 l - 70 stones
Armour
 b - a +0 robe
 d - a +0 scale mail (worn)
 s - a +0 helmet (worn)
Magical Staves
 r - a staff of conjuration
 t - a staff of cold (weapon)
Jewellery
 o - an amulet of the acrobat
 q - a ring of protection from fire
Scrolls
 e - a scroll of vulnerability {unknown}
 g - 4 scrolls of identify {unknown}
 i - a scroll of holy word {unknown}
 k - 2 scrolls of magic mapping {unknown}
 n - 2 scrolls of fear {unknown}
 p - a scroll of enchant armour {unknown}
 u - a scroll of enchant weapon {unknown}
Potions
 f - a potion of flight {unknown}
 h - a potion of curing {unknown}
 j - a potion of lignification {unknown}
 m - a potion of attraction {unknown}


   Skills:
 * Level 1.9 Fighting
 - Level 3.2 Staves
 - Level 1.0 Throwing
 * Level 0.5 Armour
 - Level 2.3 Stealth
 * Level 4.5 Spellcasting


You had 2 spell levels left.
You knew the following spells:

 Your Spells              Type           Power      Damage    Failure   Level
a - Animate Skeleton      Necr           28%        N/A       17%         1
b - Vampiric Draining     Necr           7%         2d7       45%         3
c - Sandblast             Erth           28%        2d8       17%         1
d - Stone Arrow           Conj/Erth      28%        3d8       45%         3
e - Freeze                Ice            88%        1d10      17%         1
f - Ensorcelled Hibernat  Hex/Ice        44%        N/A       26%         2

Your spell library contained the following spells:

 Spells                   Type           Power      Damage    Failure   Level


Dungeon Overview and Level Annotations

Branches:
Dungeon (4/15)
 Temple: D:4-7

Altars:

Shops:
D:1 [

Annotations:
D:4 Blork the orc


Innate Abilities, Weirdness & Mutations

You are immune to sickness and miasma.
You are immune to poison.
Your flesh is very heat resistant. (rF++)
You are vulnerable to cold. (rC-)
You float through the air rather than walking.
You learn spells naturally, not from books.
Your magical power is your life essence.
You have superior vitality. (+4 HP)


Message History

Aim: a black bear (moderately wounded)
You feel a surge of power!
You miscast Freeze.
Nothing appears to happen.
The black bear bites you. The black bear claws you. x2
Unknown command.
Unknown command.
Casting: Freeze (safe; 17% risk of failure)
Confirm with . or Enter, or press ? or * to list all spells.
Aiming: Freeze (safe; 17% risk of failure)
Press: ? - help, Shift-Dir - straight line, f/p - black bear
Aim: a black bear (moderately wounded)
You feel a surge of power!
You freeze the black bear.
The black bear is heavily wounded.
The black bear bites you but does no damage.
The black bear claws you but does no damage.
The black bear claws you.
Unknown command.
Unknown command.
Casting: Freeze (safe; 17% risk of failure)
Confirm with . or Enter, or press ? or * to list all spells.
Aiming: Freeze (safe; 17% risk of failure)
Press: ? - help, Shift-Dir - straight line, f/p - black bear
Aim: a black bear (heavily wounded)
You feel a surge of power!
You freeze the black bear.
The black bear is almost dead.
The black bear goes berserk!
Unknown command.
Unknown command.
Unknown command.
Casting: Freeze (safe; 17% risk of failure)
Confirm with . or Enter, or press ? or * to list all spells.
Aiming: Freeze (safe; 17% risk of failure)
Press: ? - help, Shift-Dir - straight line, f/p - black bear
Aim: a black bear (severely wounded, berserk)
You feel a surge of power!
You miscast Freeze.
Nothing appears to happen.
The black bear bites you.
* * * LOW HITPOINT WARNING * * *
The black bear claws you.
* * * LOW HITPOINT WARNING * * *
The black bear claws you.
You die...

####........####........
#................)......
#........#######...#+###
#..................#.###
#.......#.......#..#....
#.......#.......+..####.
#.......#.......##.# #.
#####.h.#.#........####.
#..@+...............
##...#.#.#...........
#......#+##..........
###.##......#..........
#...##.................
#.#####................
#.....'................
#######.............##'
#######......#.........


You could see a black bear (berserk).

Vanquished Creatures
  Jessica (D:3)
  Natasha (D:4)
  4 gnolls (D:2)
  An adder (D:3)
  A worm (D:3)
  2 dart slugs
  5 endoplasms
  A giant cockroach (D:1)
  6 goblins
  2 hobgoblins
  2 jackals (D:1)
  3 quokkas (D:1)
  A ball python (D:2)
  3 bats
  3 frilled lizards
  4 kobolds
  7 rats
47 creatures vanquished.

Notes
Turn   | Place    | Note
-------+----------+-------------------------------------------
     0 | D:1      | dickylongcocking the Djinni Wanderer began the quest for
                  | the Orb.
     0 | D:1      | Reached XP level 1. HP: 15/15 MP: 0/0
   229 | D:1      | Reached XP level 2. HP: 21/21 MP: 0/0
   307 | D:1      | Found Waes's Antique Armour Shop.
   715 | D:1      | Reached XP level 3. HP: 25/25 MP: 0/0
   715 | D:1      | Learned a level 1 spell: Freeze
  1957 | D:2      | Reached XP level 4. HP: 10/31 MP: 0/0
  1963 | D:2      | Reached skill level 1 in Fighting
  2741 | D:3      | Noticed Jessica
  2752 | D:3      | Killed Jessica
  2753 | D:3      | Reached XP level 5. HP: 29/37 MP: 0/0
  2753 | D:3      | Learned a level 2 spell: Ensorcelled Hibernation
  3539 | D:4      | Noticed Natasha
  3545 | D:4      | Killed Natasha
  3569 | D:4      | Noticed a black bear
  3571 | D:4      | Noticed Blork the orc
  3594 | D:3      | Slain by a black bear

Illustrated notes

Levels and vault maps discovered:
D:1:      dpeg_arrival_arbitrary_c, layout_loops_corners, serial_shops, shop,
          shapermc_ecumenical_altar_petra
D:2:      layout_loops_ring, serial_rivers, chequers_serial_rivers_room_a,
          chequers_serial_rivers_small_b, chequers_serial_rivers_micro_d,
          chequers_serial_rivers_room_b
D:3:      layout_basic, uniq_jessica
D:4:      layout_rooms, minmay_temple_entry_statues_pillars, serial_shops,
          kennysheep_little_box, gammafunk_ghost_arena, uniq_crazy_yiuf_cottage,
          uniq_blork_the_orc, uniq_natasha

Skill      XL: |  1  2  3  4 |
---------------+-------------+-----
Staves         | 2 3 |  3.2
Stealth        | 2 |  2.3
Fighting       | 1 |  1.9
Throwing       | |  1.0
Armour         | |  0.5
Spellcasting   | |  4.5

Action                   |  1- 3 |  4- 6 || total
-------------------------+-------+-------++-------
Melee: Quarterstaff      |    88 |    30 ||   118
 Cast: Sandblast         |    11 |     5 ||    16
       Freeze            |       |    10 ||    10
       Ensorcelled Hiber |       |     2 ||     2
 Stab: Sleeping          |     1 |       ||     1
Armor: Scale mail        |    49 |    18 ||    67
Dodge: Dodged            |    45 |    15 ||    60

Table legend: (Time is in decaauts)
 A = Elapsed time spent in this place.
 B = Non-inter-level travel time spent in this place.
 C = Inter-level travel time spent in this place.
 D = Time resting spent in this place.
 E = Time spent auto-exploring this place.
 F = Levels seen in this place.
 G = Mean time per level.
                   A        B        C        D        E       F      G
               +--------+--------+--------+--------+--------+-----+--------+
         Total |   3612 |   3544 |     68 |    272 |   2835 |   4 |  903.0 |
       Dungeon |   3612 |   3544 |     68 |    272 |   2835 |   4 |  903.0 |
               +--------+--------+--------+--------+--------+-----+--------+

Top non-repeatable levels by time:
     D:1: 1392 daAuts
     D:3: 1079 daAuts
     D:2: 1003 daAuts
     D:4: 137 daAuts
